 Dungeon Crawl Stone Soup version 0.25.1-8-g42b30a86e7 (webtiles) character file.

Game seed: 17024604871318845705

123 H0rd4k the Magician (level 4, -3/24 HPs)
             Began as a Deep Elf Wizard on Dec 3, 2020.
             Slain by a bullfrog (7 damage)
             ... in a sewer on Dec 4, 2020.
             The game lasted 00:05:23 (3299 turns).

H0rd4k the Magician (Deep Elf Wizard)               Turns: 3299, Time: 00:05:23

Health: -3/24      AC:  2    Str:  4    XL:     4   Next: 79%
Magic:  12/13      EV: 13    Int: 24    God:
Gold:   45         SH:  0    Dex: 13    Spells: 5/14 levels left

rFire    . . .     SeeInvis .   (no weapon)
rCold    . . .     Gourm    .   (no shield)
rNeg     . . .     Faith    .   a - +0 robe
rPois    .         Spirit   .   b - +0 hat
rElec    .         Reflect  .   (no cloak)
rCorr    .         Harm     .   (no gloves)
MR       .....                  (no boots)
Stlth    ++........             (no amulet)
HPRegen  0.08/turn              (no ring)
MPRegen  0.13/turn              (no ring)

@: mighty
A: no striking features
a: no special abilities


You were in a sewer.
You were not hungry.

You visited 1 branch of the dungeon, and saw 3 of its levels.
You also visited: Sewer.

You collected 45 gold pieces.

Inventory:

Armour
 a - a +0 robe (worn)
 b - a +0 hat (worn)
Scrolls
 e - a scroll of identify {unknown}
 f - a scroll of blinking {unknown}
 h - a scroll of magic mapping {unknown}
 j - a scroll of immolation {unknown}
 k - a scroll of random uselessness {unknown}
Potions
 g - a potion of magic {unknown}
Comestibles
 c - 2 chunks of flesh
 d - 2 rations


   Skills:
 + Level 2.7 Dodging
 + Level 3.1 Stealth
 + Level 5.8 Spellcasting
 + Level 2.1 Conjurations
   Level 1.1 Summonings
 + Level 1.1 Translocations
 + Level 1.1 Fire Magic
 * Level 0.4 Air Magic
 + Level 1.8 Poison Magic


You had 5 spell levels left.
You knew the following spells:

 Your Spells              Type           Power        Failure   Level  Hunger
a - Magic Dart            Conj           ###.         3%          1    None
b - Blink                 Tloc           N/A          8%          2    None
c - Conjure Flame         Conj/Fire      ##......     12%         3    #......
d - Mephitic Cloud        Conj/Pois/Air  ##......     13%         3    #......

Your spell library contained the following spells:

 Spells                   Type           Power        Failure   Level  Hunger
 Call Imp                 Summ           ##......     8%          2    None
 Slow                     Hex            #.......     12%         2    None


Dungeon Overview and Level Annotations

Branches:
Dungeon (3/15)              Sewer (1/1)

Altars:
Trog

Annotations:
D:2 Natasha


Message History

A bullfrog comes into view.
Casting: Magic Dart (safe; 3% risk of failure)
Confirm with . or Enter, or press ? or * to list all spells.
Aiming: Magic Dart (safe; 3% risk of failure)
Press: ? - help, Shift-Dir - straight line, f/p - bullfrog
Aim: a bullfrog (water, moderately wounded)
The magic dart hits the bullfrog.
The bullfrog is heavily wounded.
The bullfrog misses you. The bullfrog hits you!
The bullfrog hits you but does no damage.
The bullfrog closely misses you.
The bullfrog hits you but does no damage.
The bullfrog barely misses you. The bullfrog hits you! The bullfrog hits you.
* * * LOW HITPOINT WARNING * * *
It was a potion of might.
You feel very mighty all of a sudden. The bullfrog misses you.
The bullfrog hits you!
You die...

#.∩.∩..÷≈≈≈≈≈≈≈≈≈≈≈≈≈≈≈≈
########....≈÷≈≈≈≈≈.####
########≈≈≈≈.#
######################≈≈≈≈≈#
....................≈≈≈≈≈≈.#
≈≈≈≈≈≈≈≈≈≈≈≈≈≈≈≈≈≈≈≈≈≈≈≈≈≈≈#
≈≈≈≈≈≈≈≈≈≈≈≈≈≈≈≈≈≈≈≈≈≈≈≈≈≈.#
≈≈≈≈≈≈≈≈≈≈≈≈≈≈≈F≈≈≈≈≈≈≈≈≈≈≈#
.≈≈≈≈≈≈≈≈≈÷....F@...≈≈.≈≈≈≈#
≈≈≈≈≈≈≈≈≈≈≈≈≈≈≈#######≈≈≈≈≈#
≈≈≈≈≈≈≈≈≈≈≈≈≈≈≈≈≈# #.≈≈≈.#
≈≈≈≈≈≈.≈≈≈≈≈≈≈≈≈≈# #.≈≈≈.#
≈≈≈ ≈≈..≈≈≈≈≈≈≈≈# #.≈≈≈.# ≈≈
≈≈≈:≈≈≈≈≈≈≈≈# #≈≈≈≈.# ≈≈
≈.$?).≈≈≈≈≈≈# #≈≈≈≈.# ≈≈
.≈.(.≈≈≈≈≈≈≈# #.≈≈≈.# ≈≈
≈≈≈..≈≈≈≈≈≈≈# #≈≈≈≈≈#


You could see 2 bullfrogs.

Vanquished Creatures
  4 adders
  An ooze (D:1)
  3 leopard geckos
  5 orcs (D:3)
  13 giant cockroaches
  10 goblins
  4 hobgoblins
  2 ball pythons (Sewer)
  5 bats
  16 frilled lizards
  6 kobolds
  7 rats
76 creatures vanquished.

Notes
Turn   | Place    | Note
-------+----------+-------------------------------------------
     0 | D:1      | H0rd4k the Deep Elf Wizard began the quest for the Orb.
     0 | D:1      | Reached XP level 1. HP: 10/10 MP: 7/7
   456 | D:1      | Reached XP level 2. HP: 15/15 MP: 5/9
   562 | D:1      | Reached skill level 5 in Spellcasting
  1414 | D:1      | Reached XP level 3. HP: 19/19 MP: 8/11
  1568 | D:1      | Learned a level 2 spell: Blink
  1572 | D:1      | Learned a level 3 spell: Conjure Flame
  1576 | D:1      | Learned a level 3 spell: Mephitic Cloud
  2015 | D:2      | Reached skill level 1 in Poison Magic
  2123 | D:2      | Noticed Natasha
  2363 | D:2      | Found a bloodstained altar of Trog.
  2409 | D:2      | Reached XP level 4. HP: 24/24 MP: 8/13
  2553 | D:3      | Reached skill level 1 in Fire Magic
  2863 | D:3      | Found a glowing drain.
  2871 | Sewer    | Entered a sewer
  3292 | Sewer    | Noticed a bullfrog
  3293 | Sewer    | Noticed a bullfrog
  3299 | Sewer    | Slain by a bullfrog

Illustrated notes

Levels and vault maps discovered:
D:1:      onia_arrival_mini_maze_b, layout_basic, minmay_distorted
D:2:      minmay_razor_zed, layout_basic, trog_book, uniq_natasha
D:3:      layout_loops_ring, marbit_many_paths, overflow_temple_1_default,
          chequers_ecumenical_altar_simple_redux, first_ration,
          portal_sewer_entry_b, corexii_shack, uniq_grinder
Sewer:    sewer_frog_island_01

Skill      XL: |  1  2  3  4 |
---------------+-------------+-----
Spellcasting   | 5 |  5.8
Stealth        | 3 |  3.1
Poison Magic   | 1 |  1.8
Fire Magic     | 1 |  1.1
Conjurations   | 2 |  2.1
Dodging        | |  2.7
Summonings     | |  1.1
Translocations | |  1.1
Air Magic      | |  0.4

Action                   |  1- 3 |  4- 6 || total
-------------------------+-------+-------++-------
 Cast: Magic Dart        |   101 |    74 ||   175
       Blink             |     1 |       ||     1
  Use: Potion            |       |     1 ||     1
  Eat: Chunk             |     4 |     3 ||     7
Armor: Robe              |     2 |     5 ||     7
Dodge: Dodged            |     6 |    15 ||    21
